 Dungeon Crawl Stone Soup version 0.19.4-9-g45fd643 (webtiles) character file.

389 Gorglomux the Slasher (level 6, 0/48 HPs)
             Began as a Mummy Monk on Feb 20, 2017.
             Was a Believer of Ashenzari.
             Killed from afar by an orc wizard (8 damage)
             ... with a magic dart
             ... on level 4 of the Dungeon.
             The game lasted 00:09:46 (5619 turns).

Gorglomux the Slasher (Mummy Monk)                  Turns: 5619, Time: 00:09:47

Health: 0/48       AC:  5    Str: 14    XL:     6   Next: 49%
Magic:  6/6        EV: 13    Int: 10    God:    Ashenzari [**....]
Gold:   236        SH:  0    Dex: 16    Spells: 0 memorised, 5 levels left

rFire  x . .     SeeInvis .     s - +0 mace (protect)
rCold  + . .     Gourm    .     d - +0 ring mail
rNeg   + + +     Faith    .     (no shield)
rPois  ∞         Spirit   .     (no helmet)
rElec  .         Reflect  .     (no cloak)
rCorr  +         Harm     .     (no gloves)
MR     +....                    (no boots)
Stlth  +.........               (no amulet)
                                g - ring of resist corrosion
                                m - ring of protection from magic

@: about to teleport
A: no food or potions, fire vulnerability, cold resistance 1, negative energy
resistance 3, torment resistance, unbreathing
a: Curse Item, Scrying, Renounce Religion


You were on level 4 of the Dungeon.
You worshipped Ashenzari.
Ashenzari was pleased with you.
You were not hungry.

You visited 2 branches of the dungeon, and saw 6 of its levels.

You collected 236 gold pieces.

Inventory:

Hand Weapons
 a - a +0 falchion
 s - a +0 mace of protection (weapon)
Armour
 b - a +0 robe
 d - a +0 ring mail (worn)
Jewellery
 g - a ring of resist corrosion (right hand)
 m - a ring of protection from magic (left hand)
Scrolls
 f - a scroll of recharging
 q - 2 scrolls of immolation {unknown}
 r - a scroll of magic mapping {unknown}
 B - a scroll of blinking
 R - a scroll of identify


   Skills:
 - Level 4.0 Fighting
 - Level 4.2 Long Blades
 - Level 1.1 Armour
 + Level 4.2 Dodging
 - Level 1.5 Stealth


You had 5 spell levels left.
You didn't know any spells.

Dungeon Overview and Level Annotations

Branches:
Dungeon (5/15)             Temple (1/1) D:5

Altars:
Ashenzari
Dithmenos
Elyvilon
Fedhas
Gozag
Hepliaklqana
Kikubaaqudgha
Okawaru
Qazlal
Ru
Sif Muna
Trog
Uskayaw
Vehumet
Xom
Yredelemnul
Zin
The Shining One


Innate Abilities, Weirdness & Mutations

You do not eat or drink.
Your flesh is vulnerable to fire.
You are immune to poison.
Your flesh is cold resistant. (rC+)
You are immune to negative energy. (rN+++)
You are immune to unholy pain and torment.
You can survive without breathing.


Message History

You assume a fearsome visage.
The orc looks frightened!
The orc wizard looks frightened!
The orc priest looks frightened!
The orc wizard mumbles some strange words.
The orc wizard flickers and vanishes!
Deactivating autopickup; reactivate with Ctrl-A.
An orc and an orc wizard come into view.
The orc wizard shouts!
The orc shouts!
The orc wizard gestures at you while chanting.
The magic dart hits you!
* * * LOW HITPOINT WARNING * * *
An orc comes into view. It is wielding a hand axe.
As you read the scroll of teleportation, it crumbles to dust.
You feel strangely unstable.
You swing at nothing.
You swing at nothing.
The orc shouts!
The orc wizard points at you and mumbles some strange words.
The magic dart hits you!
You die...

#....!....o)....#8,
,,
#.......######.## ,
,, #.......# #.# **
, #####.### #.# ###
* * , ###.# #o# ...
, #...# #.# ..#
##.### #.#o.#* ,,
#..# ###oo.# #.##
#@.o### #.# #####
###.### * #.....#
** * * * *
#....>########*, ,
, #............. *
* * *
#...(.########
#######


You could see 2 orc wizards and 2 orcs.

Vanquished Creatures
  A phantom (D:5)
  A howler monkey (D:5)
  An orc priest (D:4)
  A bullfrog skeleton (D:5)
  An orc wizard (D:5)
  A hound zombie (D:5)
  A worker ant zombie (D:5)
  3 gnolls
  4 adders
  An ooze (D:3)
  2 worms
  2 dart slugs
  3 leopard geckos
  6 orcs
  12 bats
  5 giant cockroaches
  3 hobgoblins (D:2)
  2 jackals (D:2)
  7 kobolds
  3 quokkas
  A ball python (D:2)
  3 frilled lizards (D:2)
  4 goblins
  6 rats
74 creatures vanquished.

Notes
Turn   | Place    | Note
-------+----------+-------------------------------------------
     0 | D:1      | Gorglomux the Mummy Monk began the quest for the Orb.
     0 | D:1      | Reached XP level 1. HP: 18/18 MP: 1/1
   104 | D:1      | Reached XP level 2. HP: 21/24 MP: 2/2
   130 | D:1      | Reached skill level 3 in Long Blades
  1066 | D:2      | Reached XP level 3. HP: 29/29 MP: 3/3
  2393 | D:2      | Reached XP level 4. HP: 8/35 MP: 4/4
  3277 | D:3      | Found a sacrificial altar of Ru.
  3556 | D:4      | Noticed a hippogriff
  4241 | D:4      | You fall through a shaft!
  4241 | D:5      | Entered Level 5 of the Dungeon
  4384 | D:5      | Reached XP level 5. HP: 39/42 MP: 5/5
  4422 | D:5      | Reached skill level 1 in Armour
  4519 | D:5      | Found a staircase to the Ecumenical Temple.
  4528 | Temple   | Entered the Ecumenical Temple
  4639 | Temple   | Became a worshipper of Ashenzari the Shackled
  4639 | Temple   | Reached * piety under Ashenzari
  4639 | Temple   | Reached ** piety under Ashenzari
  4722 | D:5      | Reached skill level 3 in Dodging
  4948 | D:5      | Noticed a phantom
  5076 | D:5      | HP: 1/42 [phantom (7)]
  5078 | D:5      | Killed a phantom
  5078 | D:5      | Reached XP level 6. HP: 2/48 MP: 6/6
  5389 | D:5      | Noticed an ice beast
  5619 | D:4      | Killed from afar by an orc wizard

Skill      XL: |  1  2  3  4  5  6 |
---------------+-------------------+-----
Long Blades    | 3 4 |  4.2
Fighting       | 4 |  4.0
Armour         | 1 |  1.1
Dodging        | 3 4 |  4.2
Stealth        | |  1.5

Action                   |  1- 3 |  4- 6 || total
-------------------------+-------+-------++-------
Melee: Falchion          |   157 |    33 ||   190
       Mace              |       |   207 ||   207
  Use: Scroll            |       |     8 ||     8
 Stab: Sleeping          |    10 |       ||    10
Armor: Robe              |    10 |       ||    10
       Ring mail         |    47 |   113 ||   160
Dodge: Dodged            |   113 |   179 ||   292
       Rpst.: Falchion   |    37 |     5 ||    42
